 Dungeon Crawl Stone Soup version 0.19-a0-944-gb338e1e (webtiles) character file.

33368 Minkie the Basher (level 13, -9/87 HPs)
             Began as a Gargoyle Berserker on July 8, 2016.
             Was a High Priest of Trog.
             Mangled by an azure jelly (28 damage)
             ... on level 5 of the Lair of Beasts.
             The game lasted 01:00:36 (14584 turns).

Minkie the Basher (Gargoyle Berserker)             Turns: 14584, Time: 01:00:37

Health: -9/87      AC: 32    Str: 27    XL:     13   Next: 70%
Magic:  0/13       EV:  5    Int:  8    God:    Trog [*****.]
Gold:   968        SH:  7    Dex: 13    Spells: 0 memorised, 12 levels left

rFire  . . .     SeeInvis .     g - +5 flail (drain)
rCold  . . .     Gourm    .     N - +0 plate armour
rNeg   + . .     Faith    .     F - +1 buckler {AC+3}
rPois  ∞         Spirit   +     J - +2 hat
rElec  +         Dismiss  .     Y - +1 cloak
rCorr  .         Reflect  .     e - +0 pair of gloves
SustAt .         Harm     .     (no boots)
MR     +....                    x - amulet of guardian spirit
Stlth  ..........               S - ring of protection from magic
                                P - +5 ring of strength

@: somewhat resistant to hostile enchantments, extremely unstealthy
A: negative energy resistance 1, electricity resistance, unbreathing,
petrification resistance, rot immunity, AC +9
a: Berserk, Trog's Hand, Brothers in Arms, Burn Spellbooks, Renounce Religion


You were on level 5 of the Lair of Beasts.
You worshipped Trog.
Trog was extremely pleased with you.
You were not hungry.

You visited 2 branches of the dungeon, and saw 16 of its levels.

You collected 968 gold pieces.

Inventory:

Hand Weapons
 g - a +5 flail of draining (weapon)
Missiles
 r - 6 throwing nets (quivered)
Armour
 e - a +0 pair of gloves (worn)
 F - a +1 buckler of protection (worn)
 J - a +2 hat (worn)
 N - a +0 plate armour (worn)
 Y - a +1 cloak (worn)
Jewellery
 l - an uncursed ring of see invisible
 v - an uncursed ring of ice
 x - an amulet of guardian spirit (around neck)
 I - an uncursed ring of ice
 P - a +5 ring of strength (left hand)
 S - a ring of protection from magic (right hand)
 V - an uncursed ring of ice
Wands
 w - a wand of flame (24/48)
 K - a wand of paralysis (22/24)
 Q - a wand of paralysis (6/24)
 X - a wand of acid (4/15)
Scrolls
 d - 6 scrolls of blinking
 f - 4 scrolls of enchant weapon {unknown}
 h - 6 scrolls of teleportation
 i - 3 scrolls of noise {unknown}
 j - 2 scrolls of fog {unknown}
 m - 9 scrolls of remove curse
 n - 2 scrolls of magic mapping {unknown}
 q - 3 scrolls of random uselessness {unknown}
 s - 2 scrolls of immolation {unknown}
 u - 2 scrolls of enchant armour {unknown}
 y - 3 scrolls of fear {unknown}
 U - 2 scrolls of amnesia {unknown}
Potions
 a - a potion of cancellation
 k - 2 potions of heal wounds
 p - 10 potions of curing
 t - a potion of resistance
 C - a potion of cure mutation
 D - 3 potions of agility
 E - 3 potions of might
 H - 2 potions of brilliance {unknown}
 L - 2 potions of berserk rage {unknown}
 O - 2 potions of haste {unknown}
 Z - a potion of invisibility {unknown}
Books
 b - a book of the Tempests

   Spells                             Type                      Level
   a - Static Discharge               Conjuration/Air              3
   b - Lightning Bolt                 Conjuration/Air              5
   c - Fireball                       Conjuration/Fire             5
   d - Tornado                        Air                          9
   e - Shatter                        Earth                        9
   Trog disapproves of the use of such an item.
 T - a book of Beasts

   Spells                             Type                      Level
   a - Summon Butterflies             Summoning                    1
   b - Call Canine Familiar           Summoning                    3
   c - Summon Ice Beast               Ice/Summoning                4
   d - Summon Mana Viper              Hexes/Summoning              5
   e - Summon Hydra                   Summoning                    7
   Trog disapproves of the use of such an item.
Miscellaneous
 R - a sack of spiders
Comestibles
 c - 12 bread rations
 o - 8 meat rations
 z - 11 fruits
 B - 3 chunks of flesh


   Skills:
 + Level 12.7 Fighting
 + Level 14.0 Maces & Flails
 + Level 9.5 Armour
 + Level 5.6 Dodging
 - Level 10.6 Shields


You had 12 spell levels left.
You didn't know any spells.

Dungeon Overview and Level Annotations

Branches:
Dungeon (11/15)            Temple (0/1) D:5            Lair (5/6) D:11
 Shoals (0/4) Lair:4        Snake (0/4) Lair:4        Slime (0/5) Lair:5
    Orc: D:9-12

Altars:
Elyvilon
Fedhas
Gozag
Hepliaklqana
Nemelex Xobeh
Xom
Jiyva

Shops:
D:10 :


Innate Abilities, Weirdness & Mutations

You are resistant to torment.
Your stone body is resilient. (AC +9)
You are immune to poison.
You resist negative energy. (rN+)
You are resistant to electric shocks. (rElec)
You can survive without breathing.
You are immune to petrification.
You are immune to rotting.


Message History

You open the door. You thump the azure jelly!
The azure jelly is lightly wounded.
The azure jelly hits you. The azure jelly freezes you!!
The azure jelly completely misses you. The azure jelly barely misses you. x2
Your plate armour prevents you from hitting the azure jelly.
The azure jelly is lightly wounded.
You block the azure jelly's attack. The azure jelly hits you.
The azure jelly freezes you!!!
* * * LOW HITPOINT WARNING * * *
You block the azure jelly's attack.
The azure jelly hits you but does no damage.
The azure jelly hits you but does no damage.
The azure jelly closely misses you. You block the azure jelly's attack.
The azure jelly hits you but does no damage.
There is a stone staircase leading down here.
You block the azure jelly's attack. The azure jelly hits you.
* * * LOW HITPOINT WARNING * * *
The azure jelly freezes you!!
You die...

.#.......#####.........
.........#...#.........
#........'_.>#.........
##........#...#.........
.......(.#####.........
##...P.................
##....P##...............
....#.###J..............
##.....@J.#.............
#P......J...#..##.......
#..........##..###......
#..........# ## ##....†
##.........### #...#.#
###..........#####....##
##............#.##....###
..............#.......###
....<.................##


You could see 3 azure jellies.

Vanquished Creatures
  Fannar (Lair:1)
  Harold (Lair:3)
  3 hydras
  Erica (D:9)
  6 death yaks (Lair:5)
  Pikel (D:9)
  2 hill giants
  2 ugly things
  7 elephants
  5 black mambas
  Joseph (D:9)
  A torpor snail (Lair:5)
  8 spiny frogs
  A komodo dragon (Lair:5)
  A rime drake (Lair:3)
  The ghost of plsesad the Shooter, an amateur CeHu (D:4)
  A merfolk (Lair:4)
  Grinder (D:5)
  4 blink frogs (Lair:1)
  Sigmund (D:6)
  A spriggan (D:11)
  A wyvern (D:11)
  7 humans (D:9)
  22 yaks
  3 hippogriffs
  Eustachio (D:5)
  A hungry ghost (D:7)
  Menkaure (D:6)
  Edmund (D:5)
  2 nagas (Lair:4)
  12 water moccasins
  10 porcupines
  A black bear (Lair:1)
  A sky beast (D:11)
  4 orc warriors
  2 slaves (D:9)
  3 ice beasts
  2 necrophages
  A phantom (D:8)
  2 wolves (Lair:1)
  6 ogres
  13 crocodiles
  4 centaurs
  7 giant frogs
  2 scorpions
  A water moccasin skeleton (D:9)
  3 killer bees (D:7)
  5 howler monkeys
  4 crimson imps
  A wasp zombie (D:9)
  3 giant frog zombies
  2 quasits
  9 hounds
  10 orc priests
  2 jellies
  16 orc wizards
  11 iguanas
  6 worker ants
  16 sheep
  A killer bee zombie (D:5)
  A worker ant zombie (D:5)
  5 gnolls
  14 adders
  18 river rats
  3 shadow imps
  3 oozes
  3 worms
  2 giant geckos
  35 orcs
  16 bats
  2 giant cockroaches
  4 goblins
  8 hobgoblins
  11 jackals
  5 quokkas
  A giant cockroach zombie (D:5)
  7 giant newts
  6 kobolds
  13 rats
406 creatures vanquished.

Vanquished Creatures (others)
  An orc wizard (D:9)
  A giant cockroach (D:1)
  A goblin (D:1)
  A hobgoblin (D:1)
  2 bats (D:1)
  2 fungi (D:11)
  A plant (D:4)
9 creatures vanquished.

Grand Total: 415 creatures vanquished

Notes
Turn   | Place    | Note
-------+----------+-------------------------------------------
     0 | D:1      | Minkie the Gargoyle Berserker began the quest for the Orb.
     0 | D:1      | Reached XP level 1. HP: 14/14 MP: 1/1
   241 | D:1      | Reached XP level 2. HP: 19/19 MP: 2/2
   915 | D:1      | Reached skill level 4 in Maces & Flails
   915 | D:1      | Reached XP level 3. HP: 13/23 MP: 3/3
  1332 | D:2      | Reached ** piety under Trog
  1654 | D:2      | Reached XP level 4. HP: 23/29 MP: 4/4
  2062 | D:3      | Found an opulent altar of Gozag.
  2310 | D:3      | Found a white marble altar of Elyvilon.
  2338 | D:3      | Reached XP level 5. HP: 27/33 MP: 5/5
  2997 | D:4      | Found a sparkling altar of Nemelex Xobeh.
  2998 | D:4      | Found a shimmering altar of Xom.
  3045 | D:4      | Noticed plsesad's ghost (amateur CeHu)
  3063 | D:4      | Killed plsesad's ghost
  3063 | D:4      | Reached skill level 5 in Maces & Flails
  3063 | D:4      | Reached XP level 6. HP: 40/40 MP: 6/6
  3510 | D:4      | Reached skill level 5 in Fighting
  3510 | D:4      | Reached skill level 6 in Maces & Flails
  3583 | D:5      | Entered Level 5 of the Dungeon
  3583 | D:5      | Noticed a necrophage
  3625 | D:4      | Reached XP level 7. HP: 38/44 MP: 5/7
  3801 | D:4      | Reached *** piety under Trog
  3939 | D:5      | Found a staircase to the Ecumenical Temple.
  4068 | D:5      | Noticed Eustachio
  4144 | D:5      | Killed Eustachio
  4144 | D:5      | Reached skill level 7 in Maces & Flails
  4237 | D:5      | Reached XP level 8. HP: 49/51 MP: 8/8
  4617 | D:5      | Reached skill level 8 in Maces & Flails
  4631 | D:5      | Noticed Grinder
  4641 | D:5      | Killed Grinder
  4641 | D:5      | Reached skill level 5 in Shields
  4763 | D:6      | Noticed Menkaure
  4926 | D:6      | Killed Menkaure
  4982 | D:6      | Noticed Edmund
  4984 | D:6      | Noticed Sigmund
  5011 | D:5      | Reached XP level 9. HP: 32/56 MP: 5/9
  5165 | D:5      | Killed Edmund
  5165 | D:5      | Reached skill level 9 in Maces & Flails
  5183 | D:6      | Reached **** piety under Trog
  5188 | D:6      | Killed Sigmund
  5292 | D:6      | Found a hazy altar of Hepliaklqana.
  5745 | D:7      | Reached skill level 10 in Maces & Flails
  6151 | D:7      | Found a blossoming altar of Fedhas.
  6567 | D:8      | Reached XP level 10. HP: 65/65 MP: 10/10
  6596 | D:8      | Reached ***** piety under Trog
  6596 | D:8      | Reached skill level 11 in Maces & Flails
  6997 | D:8      | Got a clouded zirconium amulet
  7001 | D:8      | Identified the amulet of Compulsion {Faith Int+3} (You found it on level 8 of the Dungeon)
  7232 | D:9      | Noticed Joseph
  7254 | D:9      | Noticed Erica
  7257 | D:9      | Killed Joseph
  7275 | D:9      | Killed Erica
  7283 | D:9      | Reached skill level 12 in Maces & Flails
  7516 | D:9      | Reached skill level 10 in Fighting
  7729 | D:9      | Found a large runed door.
  7789 | D:9      | Noticed Pikel
  7812 | D:9      | Killed Pikel
  7812 | D:9      | Reached skill level 13 in Maces & Flails
  7812 | D:9      | Reached XP level 11. HP: 72/73 MP: 11/11
  8183 | D:10     | Entered Level 10 of the Dungeon
  8194 | D:10     | Noticed a brown ugly thing
  8208 | D:10     | Killed a brown ugly thing
  8719 | D:10     | Noticed a hill giant
  8733 | D:10     | Killed a hill giant
  9014 | D:10     | Found Pugif's Book Emporium.
  9213 | D:11     | Noticed a red ugly thing
  9228 | D:11     | Killed a red ugly thing
  9493 | D:11     | Noticed a hill giant
  9501 | D:11     | Killed a hill giant
  9501 | D:11     | Reached skill level 14 in Maces & Flails
  9762 | D:11     | Found a staircase to the Lair.
  9891 | Lair:1   | Entered Level 1 of the Lair of Beasts
  9957 | Lair:1   | Received a gift from Trog
 10029 | Lair:1   | Noticed a five-headed hydra
 10048 | Lair:1   | Killed a five-headed hydra
 10102 | Lair:1   | Reached XP level 12. HP: 69/80 MP: 10/12
 10187 | Lair:1   | Noticed a four-headed hydra
 10196 | Lair:1   | Killed a four-headed hydra
 10262 | Lair:1   | Reached skill level 5 in Armour
 10658 | Lair:1   | Noticed Fannar
 10669 | Lair:1   | Killed Fannar
 12203 | Lair:3   | Noticed Harold
 12209 | Lair:3   | Killed Harold
 12539 | Lair:4   | Noticed a seven-headed hydra
 12552 | Lair:4   | Killed a seven-headed hydra
 12717 | Lair:4   | Received a gift from Trog
 12876 | Lair:4   | Found a staircase to the Snake Pit.
 12886 | Lair:4   | Reached XP level 13. HP: 86/86 MP: 13/13
 13065 | Lair:4   | Found a staircase to the Shoals.
 13732 | Lair:5   | Reached skill level 5 in Dodging
 13830 | Lair:5   | Reached skill level 10 in Shields
 13963 | Lair:5   | Found a runed door.
 13965 | Lair:5   | Found a viscous altar of Jiyva.
 13971 | Lair:5   | Received a gift from Trog
 13983 | Lair:5   | Noticed an azure jelly
 14065 | Lair:5   | Identified a scroll of acquirement
 14572 | Lair:5   | Found a staircase to the Slime Pits.
 14572 | Lair:5   | Noticed an azure jelly
 14572 | Lair:5   | Noticed an azure jelly
 14584 | Lair:5   | Mangled by an azure jelly

Vault maps used:
D:1:      lightli_arrival_maybe_door_vault, minmay_misc_feat_enclosed,
          lemuel_old_faithful
D:2:      nrook_mini_backslash, minmay_misc_feat_encased
D:3:      lemuel_crystal_altar, nicolae_gozag_seed_capital, first_bread
D:4:      grunt_temple_overflow_open, serial_glass, glass_columns_b,
          glass_columns_b, serial_bayou_lake_a
D:5:      cheibrodos_gnoll_hut, uniq_grinder, uniq_eustachio
D:6:      kennysheep_little_box, sigmund_edmund_badplayer, uniq_menkaure
D:7:      kennysheep_mini_moat
D:8:      kennysheep_spiral_hall
D:9:      erik_cavepeople, uniq_pikel, uniq_joseph, uniq_erica
D:10:     serial_shops, nicolae_shop_trees
D:11:     grunt_lair_entry_orc_guard_hut, the_bakery
Lair:1:   st_stairs_7, nicolae_lair_grove_arrangements, minivault_11,
          beast_lair_carwin_6, uniq_fannar
Lair:2:   grunt_megastairs_3, infiniplex_staircase_pool, serial_bayou_shore_b
Lair:3:   infiniplex_staircase_pool_2, uniq_harold
Lair:4:   elwin_shoals_entry_rooms, guppyfry_snake_entry_garden
Lair:5:   slime_altar_2

Skill      XL: |  1  2  3  4  5  6  7  8  9 10 11 12 13 |
---------------+----------------------------------------+-----
Maces & Flails | 4 5 6 7 8 10 13 14 | 14.0
Fighting       | 4 5 6 8 10 11 12 | 12.7
Shields        | 2 4 5 6 9 10 | 10.6
Armour         | 4 7 9 |  9.5
Dodging        | 2 4 5 |  5.6

Action                   |  1- 3 |  4- 6 |  7- 9 | 10-12 | 13-15 || total
-------------------------+-------+-------+-------+-------+-------++-------
Melee: Mace              |   118 |    85 |       |       |       ||   203
       Whip              |       |   166 |     1 |       |       ||   167
       Flail             |       |       |   361 |   758 |   266 ||  1385
Invok: Berserk           |       |     2 |     3 |     1 |     1 ||     7
       Trog's Hand       |       |       |     1 |       |       ||     1
  Use: Scroll            |       |       |     9 |     4 |     6 ||    19
  Eat: Chunk             |     2 |     1 |    16 |    20 |     7 ||    46
       Meat ration       |       |     1 |       |       |       ||     1
       Royal jelly       |       |     1 |       |       |       ||     1
       Beef jerky        |       |       |       |     1 |       ||     1
Armor: Ring mail         |    61 |    85 |       |       |       ||   146
       Animal skin       |     5 |       |       |       |       ||     5
       Chain mail        |       |    19 |   150 |       |       ||   169
       Plate armour      |       |       |    21 |   395 |   119 ||   535
Dodge: Dodged            |    92 |   117 |   135 |   160 |    75 ||   579
Block: Buckler           |       |    49 |   101 |   184 |    64 ||   398
       Large shield      |       |       |       |    12 |       ||    12
